 Dungeon Sprint DCSS version 0.21.1-1-g345015f (webtiles) character file.

0 Psiloshibe the Skirmisher (level 2, -6/27 HPs)
             Began as a Barachi Berserker on June 23, 2018.
             Was a Follower of Trog.
             Mangled by a killer bee (9 damage)
             ... in the Dungeon (Sprint VI: "Thunderdome").
             The game lasted 00:00:30 (43 turns).

Psiloshibe the Skirmisher (Barachi Berserker)         Turns: 43, Time: 00:00:31

Health: -6/27      AC:  5    Str: 30    XL:     2   Next: 91%
Magic:  2/2        EV: 13    Int:  5    God:    Trog [*.....]
Gold:   65         SH:  0    Dex: 11    Spells: 1/1 levels left

rFire    . . .     SeeInvis .   a - +0 falchion
rCold    + + .     Gourm    +   (no shield)
rNeg     . . .     Faith    .   b - +0 animal skin
rPois    +         Spirit   .   (no helmet)
rElec    .         Reflect  .   (no cloak)
rCorr    .         Harm     .   (no gloves)
MR       .....     NoTele   +   (no boots)
Stlth    ..........             p - amulet "Goecred" {Gourm rPois rC++ Stlth-}
HPRegen  0.09/turn              n - ring "Vaxoth" {AC+3 Str+3}
MPRegen  0.08/turn              o - ring of Yqokhewo {Str+9 Int-2 Slay+2 Stlth-}

@: slow
A: +LOS, swims, slowness 1, strong legs 1
a: Hop, Berserk, Burn Spellbooks, Renounce Religion


You were in the Dungeon.
You worshipped Trog.
Trog was aware of your devotion.
You were not hungry.

You visited 1 branch You collected 200 gold pieces.
You spent 135 gold pieces at shops.

Inventory:

Hand Weapons
 a - a +0 falchion (weapon)
Armour
 b - a +0 animal skin (worn)
Jewellery
 n - the ring "Vaxoth" (left hand) {AC+3 Str+3}
   (You bought it in a shop in the Dungeon)

   [ring of protection]

   It affects your AC (+3).
   It affects your strength (+3).
 o - the ring of Yqokhewo (right hand) {Str+9 Int-2 Slay+2 Stlth-}
   (You bought it in a shop in the Dungeon)

   [ring of loudness]

   It affects your strength (+9).
   It affects your intelligence (-2).
   It affects your accuracy and damage with ranged weapons and melee attacks
   (+2).
   It makes you less stealthy.
 p - the amulet "Goecred" (around neck) {Gourm rPois rC++ Stlth-}
   (You bought it in a shop in the Dungeon)

   [amulet of the gourmand]

   It allows you to eat raw meat even when not hungry.
   It greatly protects you from cold.
   It protects you from poison.
   It makes you less stealthy.
Wands
 k - a wand of acid (5)
 l - a wand of iceblast (5)
Scrolls
 i - 4 scrolls of blinking
 m - 3 scrolls of fog
Potions
 d - a potion of curing
 e - 4 potions of heal wounds
 f - 4 potions of haste
 g - 2 potions of magic
 h - a potion of berserk rage
 j - a potion of resistance
Comestibles
 c - a ration


   Skills:
 + Level 5.5 Fighting
 + Level 5.4 Long Blades
 + Level 3.1 Armour
 + Level 3.0 Dodging


You had one spell level left.
You didn't know any spells.

Dungeon Overview and Level Annotations

Branches:
Dungeon (1/1)

Altars:
Fedhas
Kikubaaqudgha
Makhleb
Okawaru
Qazlal
Ru
Sif Muna
Trog
Uskayaw
Wu Jian
Yredelemnul
Zin
Beogh
Jiyva

Shops:
D *[%???:(


Innate Abilities, Weirdness & Mutations

Shadows flee at your approach. (+LOS)
You can swim through water.
You cover ground slowly.
You can hop short distances.


Message History

The killer bee buzzes angrily.
Found a bloodstained altar of Trog.
You barely miss the killer bee. The killer bee barely misses you.
The killer bee closely misses you.
You barely miss the killer bee. The killer bee barely misses you.
You riposte.
You barely miss the killer bee. The killer bee misses you.
You slash the killer bee!
The killer bee is heavily wounded.
The killer bee stings you but does no damage.
The killer bee stings you!
You barely miss the killer bee.
The killer bee is heavily wounded.
The killer bee stings you.
* * * LOW HITPOINT WARNING * * *
The killer bee stings you.
* * * LOW HITPOINT WARNING * * *
You barely miss the killer bee.
The killer bee is heavily wounded.
The killer bee stings you!
You die...

##### ##⌠⌠⌠## #.....#
##.....## ##∩.....∩##
#∩...@...∩#
#_..y.....#
#_......._#
#_......._#
###.........###
#⌠...........⌠#
######.8.........8.##
##∩___......###......_
###∩........8.#
.8.....


You could see a killer bee.

Vanquished Creatures
  A worker ant (D)
1 creature vanquished.

Notes
Turn   | Place    | Note
-------+----------+-------------------------------------------
     0 | D        | Psiloshibe the Barachi Berserker began the quest for the Orb.
     0 | D        | Reached XP level 1. HP: 18/18 MP: 1/1
     0 | D        | Found an iron altar of Okawaru.
     0 | D        | Found a deep blue altar of Sif Muna.
     3 | D        | Found a basalt altar of Yredelemnul.
     3 | D        | Found a blossoming altar of Fedhas.
     4 | D        | Found a stormy altar of Qazlal.
     4 | D        | Found a glowing silver altar of Zin.
     4 | D        | Found an ancient bone altar of Kikubaaqudgha.
     5 | D        | Found a burning altar of Makhleb.
     5 | D        | Found a viscous altar of Jiyva.
     5 | D        | Round 1.
     5 | D        | Noticed a worker ant
     6 | D        | Found Vevafeshraurr's Delicious Food.
     6 | D        | Found a sacrificial altar of Ru.
     6 | D        | Found Coschis's Identification Station.
     7 | D        | Found Temun's Jewellery.
     7 | D        | Found Oluank's Advanced Armour.
     7 | D        | Found an ornate altar of the Wu Jian Council.
     7 | D        | Found a hide-covered altar of Uskayaw.
     7 | D        | Found a roughly hewn altar of Beogh.
    16 | D        | Bought a translucent copper ring for 45 gold pieces
    16 | D        | Bought a heavily runed turquoise ring for 45 gold pieces
    16 | D        | Bought a fine steel amulet for 45 gold pieces
    16 | D        | Identified the amulet "Goecred" {Gourm rPois rC++ Stlth-} (You bought it in a shop in the Dungeon)
    17 | D        | Identified the ring "Vaxoth" {AC+3 Str+3} (You bought it in a shop in the Dungeon)
    18 | D        | Identified the ring of Yqokhewo {Str+9 Int-2 Slay+2 Stlth-} (You bought it in a shop in the Dungeon)
    26 | D        | Killed a worker ant
    26 | D        | Reached skill level 5 in Fighting
    26 | D        | Reached skill level 5 in Long Blades
    26 | D        | Reached XP level 2. HP: 17/27 MP: 2/2
    33 | D        | Found Uruops's Magic Scroll Shop.
    33 | D        | Found Cetou's Magic Scroll Shop.
    33 | D        | Found Tievviam's Must-Have Magic.
    34 | D        | Noticed a killer bee
    34 | D        | Found Leedead's Staff Store.
    38 | D        | Found a bloodstained altar of Trog.
    43 | D        | Mangled by a killer bee

Skill      XL: |  1 |
---------------+----+-----
Fighting       | 5 |  5.5
Long Blades    | 5 |  5.4
Armour         | 3 |  3.1
Dodging        | 3 |  3.0

Action                   || total
-------------------------++-------
Melee: Falchion          ||    12
Armor: Animal skin       ||     2
Dodge: Dodged            ||    10
       Rpst.: Falchion   ||     2
